 Dungeon Crawl Stone Soup version 0.23-a0-730-g0b75920 (webtiles) character file.

128 Lanoc the Skirmisher (level 4, 0/37 HPs)
             Began as a Demonspawn Monk on Jan 17, 2019.
             Was a Believer of Wu Jian.
             Slain by an ice beast (6 damage)
             ... on level 3 of the Dungeon.
             The game lasted 00:02:54 (1651 turns).

Lanoc the Skirmisher (Demonspawn Monk)              Turns: 1651, Time: 00:02:55

Health: 0/37       AC:  2    Str: 12    XL:     4   Next: 86%
Magic:  4/4        EV: 14    Int: 12    God:    Wu Jian [**....]
Gold:   115        SH:  0    Dex: 15    Spells: 3/3 levels left

rFire    + . .     SeeInvis .   a - +0 falchion
rCold    + . .     Gourm    .   (no shield)
rNeg     . . .     Faith    .   b - +0 robe
rPois    +         Spirit   .   (no helmet)
rElec    +         Reflect  .   (no cloak)
rCorr    +         Harm     .   (no gloves)
MR       .....                  (no boots)
Stlth    +++.......             h - amulet of the acrobat
HPRegen  0.12/turn              (no ring)
MPRegen  0.09/turn              (no ring)

@: resistant
A: nightstalker 1, spiny 2
a: Wall Jump, Renounce Religion


You were on level 3 of the Dungeon.
You worshipped Wu Jian.
Wu Jian was pleased with you.
You were not hungry.

You visited 1 branch of the dungeon, and saw 3 of its levels.

You collected 115 gold pieces.

Inventory:

Hand Weapons
 a - a +0 falchion (weapon)
Armour
 b - a +0 robe (worn)
Jewellery
 h - an amulet of the acrobat (around neck)
Scrolls
 d - 2 scrolls of immolation {unknown}
 f - 5 scrolls of identify {unknown}
 i - a scroll of remove curse {unknown}
 m - a scroll of fog {unknown}
 o - a scroll of amnesia {unknown}
Potions
 e - a potion of curing {unknown}
 g - a potion of resistance
 j - 3 potions of brilliance {unknown}
 k - a potion of magic {unknown}
 l - a potion of cancellation {unknown}
Comestibles
 c - 7 rations
 n - 4 chunks of flesh


   Skills:
 + Level 3.9 Fighting
 * Level 3.8 Long Blades
 + Level 3.6 Dodging
 - Level 1.7 Stealth


You had 3 spell levels left.
You didn't know any spells.
Your spell library was empty.

Dungeon Overview and Level Annotations

Branches:
Dungeon (3/15)

Altars:
Qazlal
Wu Jian


Innate Abilities, Weirdness & Mutations

You are slightly more attuned to the shadows.
You are mostly covered in sharp spines.


Message History

This raw flesh tastes terrible.
An ice beast comes into view.
Found 10 gold pieces.
You hit the ice beast.
The ice beast is lightly wounded.
The ice beast misses you.
You riposte.
You barely miss the ice beast.
The ice beast is lightly wounded.
You hit the ice beast.
The ice beast is moderately wounded.
The ice beast hits you. The ice beast freezes you!
You hit the ice beast but do no damage.
The ice beast is moderately wounded.
The ice beast hits you. The ice beast freezes you!
* * * LOW HITPOINT WARNING * * *
It was a potion of resistance.
You feel protected. The ice beast is struck by your spines.
The ice beast hits you.
* * * LOW HITPOINT WARNING * * *
The ice beast freezes you. You resist.
You die...

#.........<..######[
##.......[....#
.#............#
.###.......#.## .#
#.......#.# .#
#.#..####'#######+## .#
#.#..###...........#
.###.#....'.รท.........#
..##.##.###.)...@Y....#
..##....# #.)........$#
...########...........#
.#.# #.....##########
.#.# #.....# ##.#
#.....#### #.#
#........# #.#
#........# #.##
#........#


You could see an ice beast.

Vanquished Creatures
  Jessica (D:2)
  3 adders (D:2)
  3 worms
  A dart slug (D:1)
  3 leopard geckos
  7 orcs (D:3)
  3 giant cockroaches
  5 goblins
  3 hobgoblins
  6 kobolds
  3 quokkas (D:2)
  5 bats
  5 frilled lizards
  9 rats
57 creatures vanquished.

Notes
Turn   | Place    | Note
-------+----------+-------------------------------------------
     0 | D:1      | Lanoc the Demonspawn Monk began the quest for the Orb.
     0 | D:1      | Reached XP level 1. HP: 18/18 MP: 1/1
   266 | D:1      | Gained mutation: You are partially covered in sharp spines.
                  | [demonic ancestry]
   266 | D:1      | Reached XP level 2. HP: 24/24 MP: 2/2
   665 | D:2      | Gained mutation: You are mostly covered in sharp spines.
                  | [demonic ancestry]
   665 | D:2      | Reached XP level 3. HP: 29/29 MP: 3/3
   974 | D:2      | Found a stormy altar of Qazlal.
  1002 | D:2      | Noticed Jessica
  1011 | D:2      | Killed Jessica
  1011 | D:2      | Gained mutation: You are slightly more attuned to the
                  | shadows. [demonic ancestry]
  1011 | D:2      | Reached XP level 4. HP: 32/37 MP: 4/4
  1271 | D:2      | Found an ornate altar of the Wu Jian Council.
  1273 | D:2      | Found a stormy altar of Qazlal.
  1296 | D:2      | Became a worshipper of the Wu Jian Council
  1296 | D:2      | Reached * piety under Wu Jian
  1296 | D:2      | Reached ** piety under Wu Jian
  1644 | D:3      | Noticed an ice beast
  1651 | D:3      | Slain by an ice beast

Vault maps used:
D:1:      dpeg_arrival_rooms_c, minmay_pentomino_q4
D:2:      grunt_temple_overflow_open, grunt_qazlal_clouds, uniq_jessica
D:3:      uniq_grinder

Skill      XL: |  1  2 |
---------------+-------+-----
Dodging        | 3 |  3.6
Long Blades    | 3 |  3.8
Fighting       | |  3.9
Stealth        | |  1.7

Action                   |  1- 3 |  4- 6 || total
-------------------------+-------+-------++-------
Melee: Falchion          |    65 |    57 ||   122
Invok: Lunge             |       |     9 ||     9
  Use: Potion            |       |     1 ||     1
 Stab: Sleeping          |     6 |     6 ||    12
  Eat: Chunk             |       |     3 ||     3
Armor: Robe              |     9 |     1 ||    10
Dodge: Dodged            |    39 |    31 ||    70
       Rpst.: Falchion   |    13 |    11 ||    24

Table legend:
 A = Non-vault XP
 B = Vault XP
 C = Vault XP percentage of total XP
 D = Non-vault monster count
 E = Vault monster count
 F = Vault count percentage of total count
                 A         B        C        D         E       F
            +---------+---------+-------+---------+---------+-------
      Total |     141 |      42 |  23.0 |      53 |       4 |   7.0
            +---------+---------+-------+---------+---------+-------
        D:1 |      33 |       5 |  13.2 |      20 |       3 |  13.0
        D:2 |      71 |      37 |  34.3 |      19 |       1 |   5.0
        D:3 |      37 |       0 |   0.0 |      14 |       0 |   0.0
            +---------+---------+-------+---------+---------+-------
